 Dungeon Sprint DCSS version 0.28.0-47-ge53b351184 (webtiles) character file.

Game seed: 3227650091814388315

14 Iusername the Protected (level 7, -2/70 HPs)
             Began as a Minotaur Fighter on May 5, 2022.
             Was a Priest of the Shining One.
             Slain by a fire bat (7 damage)
             ... in the Dungeon (Sprint VI: "Thunderdome").
             The game lasted 00:05:18 (517 turns).

Iusername the Protected (Minotaur Fighter)           Turns: 517, Time: 00:05:19

Health: -2/70      AC:  9    Str: 18    XL:     7   Next: 29%
Magic:  6/6        EV: 11    Int:  5    God:    the Shining One [***...]
Gold:   140        SH:  5    Dex: 10    Spells: 6/6 levels left

rFire   . . .      SeeInvis .   a - +0 long sword
rCold   + + +      Faith    .   c - +0 buckler
rNeg    + + .      Spirit   .   b - +0 scale mail
rPois   .          Reflect  .   (helmet restricted)
rElec   +          Harm     +   (no cloak)
rCorr   .          Rampage  .   (no gloves)
Will    .....      NoTele   +   (no boots)
Stlth   ..........              f - amulet of Propriety {RegenMP Harm rC++}
HPRegen 0.21/turn               d - ring of Panentheism {Drain rElec rC+++ rN+ Str-4}
MPRegen 0.50/turn               (no ring)

@: on berserk cooldown, glowing
A: horns 2, retaliatory headbutt
a: Renounce Religion, Divine Shield, Cleansing Flame


You were in the Dungeon.
You worshipped the Shining One.
The Shining One was most pleased with you.
You visited 1 branch You collected 230 gold pieces.
You spent 90 gold pieces at shops.

Inventory:

Hand Weapons
 a - a +0 long sword (weapon)
Armour
 b - a +0 scale mail (worn)
 c - a +0 buckler (worn)
Jewellery
 d - the ring of Panentheism (left hand) {Drain rElec rC+++ rN+ Str-4}
   (You bought it in a shop in the Dungeon)

   [ring of positive energy]

   Str:       It affects your strength (-4).
   rC:        It renders you almost immune to cold.
   rElec:     It insulates you from electricity.
   rN:        It protects you from negative energy.
   Drain:     It drains your maximum health when unequipped.
 f - the amulet of Propriety (around neck) {RegenMP Harm rC++}
   (You bought it in a shop in the Dungeon)

   [amulet of magic regeneration]

   It increases your rate of magic regeneration.
   rC:        It greatly protects you from cold.
   Harm:      It increases damage dealt and taken.
Wands
 l - a wand of acid (5)
 m - a wand of iceblast (5)
Scrolls
 j - 4 scrolls of blinking
 n - 3 scrolls of fog
Potions
 g - 4 potions of haste
 h - 2 potions of magic
 k - a potion of resistance


   Skills:
 + Level 9.2 Fighting
 + Level 9.4 Long Blades
 + Level 11.3 Armour
 + Level 5.4 Dodging
 + Level 0.9 Stealth
 + Level 8.2 Shields


You had 6 spell levels left.
You didn't know any spells.
Your spell library was empty.

Dungeon Overview and Level Annotations

Branches:
Dungeon (1/1)

Altars:
Cheibriados
Dithmenos
Fedhas
Gozag
Kikubaaqudgha
Makhleb
Okawaru
Qazlal
Ru
Sif Muna
Trog
Uskayaw
Vehumet
Wu Jian
Xom
Yredelemnul
Zin
The Shining One
Beogh
Lugonu

Shops:
D *[??*?*:[((!!!!


Innate Abilities, Weirdness & Mutations

You have a pair of horns on your head.
You reflexively headbutt those who attack you in melee.


Message History

* * * LOW HITPOINT WARNING * * *
A fire bat comes into view.
The fire bat bites you but does no damage.
You hit the fire bat.
You kill the fire bat!
Your Dodging skill increases to level 5!
You have reached level 7!
You feel a strong urge to attack something.
You hit the fire bat. You headbutt the fire bat!
You kill the fire bat!
Your Fighting skill increases to level 9!
Your Long Blades skill increases to level 9!
Your Armour skill increases to level 11!
Your Shields skill increases to level 8!
You start resting. 50...
Unknown command.
You feel a strong urge to attack something.
You are no longer berserk.
You are exhausted.
You feel yourself slow down.
You start resting.
A fire bat comes into view.
A fire bat is nearby!
A fire bat is nearby!
You block the fire bat's attack. You block the fire bat's attack. x2
A fire bat comes into view.
You can now channel blasts of cleansing flame.
The fire bat misses you.
You feel yourself speed up. The fire bat closely misses you.
You block the fire bat's attack.
You barely miss the fire bat. The fire bat misses you. The fire bat bites you.
* * * LOW HITPOINT WARNING * * *
You are engulfed in flames!
* * * LOW HITPOINT WARNING * * *
The fire bat bites you.
* * * LOW HITPOINT WARNING * * *
You are engulfed in flames.
You die...

#_......._# #_......._#
#_[.......# ###.........###
#⌠...........⌠#
######.8.........8.#####
##.._.......###......_._∩
###∩...[...b8.# #.8........
##.........@...###..........
#⌠.........b###...###.......
#⌠.....)....# #.<.# #.......
#⌠.....)....###...###.......
##.............###..........
###∩........8.# #.8........
##∩___.[....###......___∩
######.8.........8.#####
#⌠...........⌠#


You could see 2 fire bats.

Vanquished Creatures
  4 fire bats (D)
  A gnoll sergeant (D)
  A gnoll shaman (D)
  2 gnolls (D)
  An orc (D)
  A giant cockroach (D)
  A frilled lizard (D)
11 creatures vanquished.

Notes
Turn   | Place    | Note
-------+----------+-------------------------------------------
     0 | D        | Iusername the Minotaur Fighter began the quest for the Orb.
     0 | D        | Reached XP level 1. HP: 19/19 MP: 0/0
     1 | D        | Found a basalt altar of Yredelemnul.
     2 | D        | Found a blossoming altar of Fedhas.
     3 | D        | Found a glowing silver altar of Zin.
     3 | D        | Found a snail-covered altar of Cheibriados.
     4 | D        | Found a sacrificial altar of Ru.
     4 | D        | Found a shimmering altar of Xom.
     4 | D        | Found Oschastra's Staff Store.
     4 | D        | Found Nokim's Magic Scroll Shop.
     5 | D        | Found an ancient bone altar of Kikubaaqudgha.
     5 | D        | Found Cufueloku's Must-Have Magic.
     5 | D        | Found Nera's Magic Scroll Shop.
     5 | D        | Round 1.
    26 | D        | Reached skill level 4 in Armour
    28 | D        | Found a radiant altar of Vehumet.
    37 | D        | Found Guawofei's Jewellery.
    37 | D        | Found Iwokin's Advanced Armour.
    38 | D        | Found a shadowy altar of Dithmenos.
    38 | D        | Found a corrupted altar of Lugonu.
    38 | D        | Found a burning altar of Makhleb.
    38 | D        | Found Zeluvver's Identification Station.
    43 | D        | Found a shimmering blue altar of Sif Muna.
    44 | D        | Found an opulent altar of Gozag.
    47 | D        | Found Ydutt's Premium Goods.
    49 | D        | Found Touthoil's Miscellaneous Merchandise.
    49 | D        | Found Vycog's Basic Armour.
    55 | D        | Found a hide-covered altar of Uskayaw.
    55 | D        | Found Dodunn's Weapon Rack.
    55 | D        | Found a bloodstained altar of Trog.
    55 | D        | Found an iron altar of Okawaru.
    65 | D        | Found a glowing golden altar of the Shining One.
    67 | D        | Found a stormy altar of Qazlal.
    67 | D        | Found an ornate altar of the Wu Jian Council.
    70 | D        | Found Zixiaty's Do-It-Yourself Clinic.
    71 | D        | Found Xenuefutell's Bottled Wisdom.
    71 | D        | Found Juoreadgh's Distillery.
    75 | D        | Became a worshipper of the Shining One
    79 | D        | Found Joiriov Ugiss's Distillery.
   115 | D        | Noticed Sigmund
   176 | D        | Arena points: 4 (+4) [x1]
   191 | D        | Round 2.
   192 | D        | Noticed a gnoll shaman
   192 | D        | Reached * piety under the Shining One
   196 | D        | Killed a gnoll shaman
   197 | D        | Reached skill level 5 in Fighting
   197 | D        | Reached skill level 5 in Armour
   197 | D        | Reached skill level 1 in Dodging
   197 | D        | Reached skill level 5 in Shields
   197 | D        | Reached XP level 2. HP: 9/29 MP: 1/1
   197 | D        | Reached XP level 3. HP: 11/36 MP: 2/2
   205 | D        | Reached skill level 6 in Armour
   311 | D        | Bought a shimmering copper ring for 45 gold pieces
   311 | D        | Identified the ring of Panentheism {Drain rElec rC+++ rN+
                  | Str-4} (You bought it in a shop in the Dungeon)
   316 | D        | Bought a faintly glowing golden amulet for 45 gold pieces
   316 | D        | Identified the amulet of Propriety {RegenMP Harm rC++} (You
                  | bought it in a shop in the Dungeon)
   319 | D        | Noticed a gnoll sergeant
   327 | D        | Reached ** piety under the Shining One
   328 | D        | Killed a gnoll sergeant
   329 | D        | Reached skill level 5 in Long Blades
   329 | D        | Reached skill level 7 in Armour
   329 | D        | Reached XP level 4. HP: 13/45 MP: 3/3
   344 | D        | Arena points: 14 (+10) [x1]
   359 | D        | Round 3.
   367 | D        | Noticed a fire bat
   380 | D        | Killed a fire bat
   381 | D        | Reached skill level 9 in Armour
   381 | D        | Reached XP level 5. HP: 20/52 MP: 4/4
   482 | D        | Noticed a fire bat
   486 | D        | Noticed a fire bat
   493 | D        | Killed a fire bat
   494 | D        | Reached skill level 10 in Armour
   494 | D        | Reached XP level 6. HP: 34/62 MP: 5/5
   495 | D        | Noticed a fire bat
   496 | D        | Killed a fire bat
   497 | D        | Reached skill level 5 in Dodging
   497 | D        | Reached XP level 7. HP: 23/69 MP: 6/6
   499 | D        | Killed a fire bat
   500 | D        | Reached skill level 11 in Armour
   511 | D        | Noticed a fire bat
   514 | D        | Noticed a fire bat
   514 | D        | Reached *** piety under the Shining One
   517 | D        | Slain by a fire bat

Illustrated notes

Levels and vault maps discovered:
D:        arena_sprint

Skill      XL: |  1  2  3  4  5  6  7 |
---------------+----------------------+-----
Fighting       | 5 6 7 8 9 |  9.2
Armour         | 5 7 9 10 11 | 11.3
Shields        | 5 6 7 8 |  8.2
Long Blades    | 3 5 7 8 9 |  9.4
Dodging        | 1 2 3 4 5 |  5.4
Stealth        | |  0.9

Action                   |  1- 3 |  4- 6 |  7- 9 || total
-------------------------+-------+-------+-------++-------
Melee: Long sword        |    29 |     6 |     2 ||    37
       Headbutt          |     2 |       |     1 ||     3
  Use: Potion            |     5 |     2 |       ||     7
Armor: Scale mail        |    19 |    11 |       ||    30
Dodge: Dodged            |    10 |    11 |     3 ||    24
Block: Buckler           |     6 |     3 |     4 ||    13
